 Dungeon Crawl Stone Soup version 0.22-a0-414-gacd343e8ff (webtiles) character file.

49 Denreik the Covered (level 4, -3/33 HPs)
             Began as a Formicid Skald on May 13, 2018.
             Slain by Terence
             ... wielding a cursed -3 short sword
              (4 damage)
             ... on level 2 of the Dungeon.
             The game lasted 00:08:35 (2143 turns).

Denreik the Covered (Formicid Skald)                Turns: 2143, Time: 00:08:35

Health: -3/33      AC:  4    Str: 15 (16) XL:     4   Next: 1%
Magic:  2/7        EV: 11    Int: 10 (13) God:
Gold:   61         SH:  0    Dex:  8 (10) Spells: 1/7 levels left

rFire    . . .     SeeInvis +   a - +0 spear
rCold    . . .     Gourm    .   (no shield)
rNeg     . . .     Faith    .   b - +0 leather armour
rPois    .         Spirit   .   (helmet unavailable)
rElec    .         Reflect  .   j - +0 cloak
rCorr    .         Harm     .   (no gloves)
MR       .....                  (no boots)
Stlth    +.........             (no amulet)
HPRegen  0.11/turn              e - ring of see invisible
MPRegen  0.10/turn              k - ring of teleportation

@: very slightly contaminated
A: permanent stasis, dig shafts and tunnels, four strong arms, antennae 3
a: Dig, Shaft Self


You were on level 2 of the Dungeon.
You were not hungry.

You visited 1 branch of the dungeon, and saw 3 of its levels.

You collected 61 gold pieces.

Inventory:

Hand Weapons
 a - a +0 spear (weapon)
Missiles
 c - 18 arrows
 h - 86 stones (quivered)
Armour
 b - a +0 leather armour (worn)
 j - a +0 cloak (worn)
Jewellery
 e - a ring of see invisible (left hand)
 k - a ring of teleportation (right hand)
Scrolls
 f - a scroll of remove curse
 g - 5 scrolls of identify {unknown}
 l - a scroll of amnesia {unknown}
Comestibles
 d - 3 rations
 i - a chunk of flesh


   Skills:
 - Level 2.1 Fighting
 - Level 2.0 Polearms
 * Level 3.9 Armour
 - Level 1.7 Dodging
 - Level 2.1 Spellcasting
 - Level 3.0 Charms


You had one spell level left.
You knew the following spells:

 Your Spells              Type           Power        Failure   Level  Hunger
a - Infusion              Chrm           #...         11%         1    ##.....
b - Regeneration          Chrm/Necr      #.........   52%         3    ####...
c - Shroud of Golubria    Chrm/Tloc      #.........   30%         2    ###....

Your spell library contained the following spells:

 Spells                   Type           Power        Failure   Level  Hunger
 Song of Slaying          Chrm           #.......     17%         2    ###....
 Spectral Weapon          Hex/Chrm       #.......     52%         3    ####...


Dungeon Overview and Level Annotations

Branches:
Dungeon (3/15)

Altars:
Ashenzari

Annotations:
D:2 Terence
D:3 Robin


Innate Abilities, Weirdness & Mutations

You cannot be hasted, slowed, berserked, paralysed or teleported.
You can dig through walls and to a lower floor.
Your four strong arms can wield two-handed weapons with a shield.
You have a pair of large antennae on your head. (SInv)


Message History

You hit Terence.
Terence is severely wounded.
Terence hits you but does no damage.
You closely miss Terence.
Terence is severely wounded.
Terence hits you but does no damage.
You barely miss Terence.
Terence is severely wounded.
Terence hits you but does no damage.
You hit Terence but do no damage.
Terence is severely wounded.
Terence hits you with an enchanted short sword.
* * * LOW HITPOINT WARNING * * *
You hit Terence but do no damage.
Terence is severely wounded.
Terence closely misses you.
You hit Terence but do no damage.
Terence is severely wounded.
Terence hits you with an enchanted short sword.
You die...

....#...#.............#
.####...####..........#
.#⌠.##'##.⌠#..........+
.#.........#..........#
###.......#####.......#
..#...........#.......#
..'..._...'...#.'##.####
..#.......#...#.@#.....#
###.......###...@#.###.#
.#...............#.# #@#
.#⌠.##+.#.⌠#...#.#.###<#
.####...###..#.#.#.....#
....#............#.###.#
.#..#...#......#######.#
.#..###.....##.#.......#
.#........####.#.#######
.#....#####
#.#.#########


You could see Terence.

Vanquished Creatures
  A dart slug (D:1)
  A leopard gecko (D:1)
  A giant cockroach (D:2)
  7 hobgoblins
  2 jackals (D:2)
  6 kobolds
  A quokka (D:2)
  2 ball pythons (D:1)
  7 bats
  A frilled lizard (D:2)
  8 goblins
  7 rats
44 creatures vanquished.

Notes
Turn   | Place    | Note
-------+----------+-------------------------------------------
     0 | D:1      | Denreik the Formicid Skald began the quest for the Orb.
     0 | D:1      | Reached XP level 1. HP: 16/16 MP: 3/3
   270 | D:1      | Reached XP level 2. HP: 17/22 MP: 5/5
   643 | D:1      | Reached XP level 3. HP: 27/27 MP: 6/6
  1191 | D:2      | Noticed Terence
  1192 | D:2      | Found a shattered altar of Ashenzari.
  1420 | D:1      | Learned a level 3 spell: Regeneration
  1423 | D:1      | Learned a level 2 spell: Shroud of Golubria
  1543 | D:2      | Reached XP level 4. HP: 25/33 MP: 7/7
  1665 | D:2      | You fall through a shaft!
  1668 | D:3      | Noticed Robin
  2141 | D:2      | HP: 1/33 [Terence/enchanted short sword (2)]
  2143 | D:2      | Slain by Terence

Vault maps used:
D:1:      minmay_arrival_up_and_down
D:2:      evilmike_ruin_ashenzari, uniq_crazy_yiuf_cottage, uniq_terence
D:3:      first_ration, uniq_robin

Skill      XL: |  1  2 |
---------------+-------+-----
Armour         | 2 3 |  3.9
Fighting       | |  2.1
Polearms       | |  2.0
Dodging        | |  1.7
Spellcasting   | |  2.1
Charms         | |  3.0

Action                   |  1- 3 |  4- 6 || total
-------------------------+-------+-------++-------
Melee: Spear             |   186 |    49 ||   235
 Cast: Infusion          |     1 |     1 ||     2
       Regeneration      |       |     1 ||     1
 Abil: Dig               |     2 |     1 ||     3
       Shaft Self        |       |     1 ||     1
  Use: Potion            |       |     2 ||     2
       Scroll            |       |     1 ||     1
 Stab: Sleeping          |     1 |       ||     1
  Eat: Chunk             |     2 |     1 ||     3
       Ration            |       |     1 ||     1
Armor: Leather armour    |    40 |    12 ||    52
Dodge: Dodged            |   109 |    32 ||   141

Table legend:
 A = Spawn XP
 B = Non-spawn XP
 C = Spawn XP percentage of total XP
 D = Spawn monster count
 E = Non-spawn monster count
 F = Spawn count percentage of total count
 G = Total turns spent on level
                    A         B        C        D         E        F      G
               +---------+---------+-------+---------+---------+-------+---------
         Total |       0 |      70 |   0.0 |       0 |      44 |   0.0 |  2143
               +---------+---------+-------+---------+---------+-------+---------
           D:1 |       0 |      45 |   0.0 |       0 |      27 |   0.0 |  1146
           D:2 |       0 |      25 |   0.0 |       0 |      17 |   0.0 |   983
               +---------+---------+-------+---------+---------+-------+---------
